 Dungeon Crawl Stone Soup version 0.28.0-47-ge53b351184 (webtiles) character file.

Game seed: 5089944734741175347

231 NinjaNoafa the Poker (level 6, -4/46 HPs)
             Began as a Merfolk Gladiator on May 2, 2022.
             Slain by Grinder (6 damage)
             ... on level 3 of the Dungeon.
             The game lasted 00:04:02 (2539 turns).

NinjaNoafa the Poker (Merfolk Gladiator)            Turns: 2539, Time: 00:04:02

Health: -4/46      AC:  6    Str: 16    XL:     6   Next: 3%
Magic:  6/6        EV: 14    Int:  7    God:
Gold:   89         SH:  0    Dex: 16    Spells: 5/5 levels left

rFire   + . .      SeeInvis .   p - +0 scythe
rCold   . . .      Faith    .   (shield currently unavailable)
rNeg    . . .      Spirit   .   q - +2 robe {rF+}
rPois   .          Reflect  .   c - +1 helmet
rElec   .          Harm     .   (no cloak)
rCorr   .          Rampage  .   (no gloves)
Will    .....                   (no boots)
Stlth   ++........              (no amulet)
HPRegen 0.15/turn               (no ring)
MPRegen 0.10/turn               (no ring)

@: brilliant, silenced, attractive
A: (nimble swimmer 2), mertail
a: no special abilities


You were on level 3 of the Dungeon.
You visited 1 branch of the dungeon, and saw 3 of its levels.

You collected 89 gold pieces.

Inventory:

Hand Weapons
 p - a +0 scythe (weapon)
Missiles
 d - 3 throwing nets (quivered)
 e - 70 stones
 g - 5 boomerangs
 m - 5 poisoned darts
Armour
 c - a +1 helmet (worn)
 q - a +2 robe of fire resistance (worn)
Wands
 l - a wand of paralysis (10)
Scrolls
 f - a scroll of fog
 j - a scroll of identify
 k - a scroll of amnesia


   Skills:
 - Level 2.6 Fighting
 - Level 4.6 Polearms
 - Level 2.3 Throwing
 - Level 4.2 Dodging
 + Level 4.4 Stealth
 + Level 3.2 Evocations


You had 5 spell levels left.
You didn't know any spells.
Your spell library contained the following spells:

 Spells                   Type           Power      Damage    Failure   Level
 Confusing Touch          Hex            0%         N/A       80%         3
 Yara's Violent Unravell  Hex/Tmut       0%         3d3       100%        5
 Enfeeble                 Hex            0%         N/A       100%        7


Dungeon Overview and Level Annotations

Branches:
Dungeon (3/15)

Altars:

Shops:
D:1 [?:(

Annotations:
D:2 1 runed translucent door, Crazy Yiuf
D:3 Grinder


Innate Abilities, Weirdness & Mutations

((You are very nimble when in or above water. (Stealth+, EV+, Speed+++)))
Your lower body shifts to a powerful aquatic tail in water.


Message History

It is a scroll of identify.
k - a scroll of amnesia Grinder blinks!
The kobold hits you but does no damage. Grinder is attracted toward you.
As you read the scroll labelled QORCHU TYCOA, it crumbles to dust.
It is a scroll of enchant armour.
Your +0 helmet glows green for a moment.
Grinder misses you. The kobold barely misses you.
As you read the scroll labelled FAILAZ MEEQ, it crumbles to dust.
A profound silence engulfs you.
It was a scroll of silence.
Grinder misses you. The kobold barely misses you.
You hit Grinder but do no damage.
Grinder is moderately wounded.
Grinder barely misses you. x2
You hit Grinder.
Grinder is heavily wounded.
Grinder barely misses you. Grinder hits you.
* * * LOW HITPOINT WARNING * * *
Magic scrolls do not work when you're silenced!
You hit Grinder but do no damage.
Grinder is heavily wounded.
Grinder misses you.
You closely miss Grinder.
Grinder is heavily wounded.
Grinder gestures at you.
You barely resist. Grinder closely misses you.
You barely miss Grinder.
Grinder is heavily wounded.
Grinder closely misses you. Grinder barely misses you.
You aren't carrying any potions.
You barely miss Grinder.
Grinder is heavily wounded.
Grinder hits you.
* * * LOW HITPOINT WARNING * * *
You writhe in agony.
* * * LOW HITPOINT WARNING * * *
Grinder hits you.
* * * LOW HITPOINT WARNING * * *
You writhe in agony.
You die...

............#..##...#..# #......
#............##..###....# #......
..####........##...####[###......
# #.####.##.###......##.......
...###..##.§§####)..†..#.....
..##.....§§.§#########.##.....
#........§§§.K.§.......<.†....
.....>...§§#5##.####..##.....
...........#@# #..##.....
...........#....# #..##.....
...........#..#######.#######
...................##..#
.........##.##.##.....# ......
..##........### .#######.#....# #
#.#....# .... #.#...##


You could see Grinder (unsilenced) and a kobold.

Vanquished Creatures
  Sigmund (D:3)
  2 adders (D:2)
  A worm (D:3)
  A dart slug (D:1)
  An orc (D:3)
  6 ball pythons
  4 endoplasms
  3 goblins
  6 hobgoblins
  2 jackals (D:1)
  A quokka (D:2)
  4 bats
  2 frilled lizards (D:3)
  4 kobolds
  6 rats
44 creatures vanquished.

Notes
Turn   | Place    | Note
-------+----------+-------------------------------------------
     0 | D:1      | NinjaNoafa the Merfolk Gladiator began the quest for the
                  | Orb.
     0 | D:1      | Reached XP level 1. HP: 16/16 MP: 1/1
   194 | D:1      | Found Samuof's Weapon Shoppe.
   198 | D:1      | Found Goamp's Book Shoppe.
   224 | D:1      | Reached XP level 2. HP: 19/23 MP: 2/2
   225 | D:1      | Reached skill level 1 in Stealth
   226 | D:1      | Found Aqaesyz's Armour Shoppe.
   363 | D:1      | Found Qease's Magic Scroll Boutique.
  1028 | D:2      | Reached XP level 3. HP: 20/28 MP: 3/3
  1200 | D:2      | Found a runed translucent door.
  1201 | D:2      | Noticed Crazy Yiuf
  2097 | D:3      | Reached skill level 1 in Evocations
  2098 | D:3      | Found a faded altar of an unknown god.
  2297 | D:3      | Reached XP level 4. HP: 34/34 MP: 4/4
  2303 | D:3      | Noticed Sigmund
  2316 | D:3      | Killed Sigmund
  2317 | D:3      | Reached XP level 5. HP: 30/39 MP: 5/5
  2323 | D:3      | Reached XP level 6. HP: 37/46 MP: 6/6
  2511 | D:3      | Noticed Grinder
  2516 | D:3      | Paralysed by Grinder for 2 turns
  2520 | D:3      | Paralysed by Grinder for 3 turns
  2539 | D:3      | HP: 2/46 [Grinder (4)]
  2539 | D:3      | Slain by Grinder

Illustrated notes

Levels and vault maps discovered:
D:1:      matt_arrival_spirals, layout_basic, serial_shops, shop, shop, shop,
          shop, nicolae_concentric_dashed_squares_wild
D:2:      layout_loops_ring, uniq_crazy_yiuf_cottage
D:3:      minmay_evil_eye, layout_rooms, ebering_ecumenical_altar_hall,
          uniq_natasha, uniq_sigmund, uniq_grinder

Skill      XL: |  1  2  3  4 |
---------------+-------------+-----
Stealth        | 1 2 4 |  4.4
Evocations     | 1 3 |  3.2
Fighting       | |  2.6
Polearms       | |  4.6
Throwing       | |  2.3
Dodging        | |  4.2

Action                   |  1- 3 |  4- 6 || total
-------------------------+-------+-------++-------
Melee: Trident           |   119 |    21 ||   140
       Punch             |       |     1 ||     1
       Scythe            |       |    16 ||    16
Evoke: Wand              |       |     1 ||     1
  Use: Potion            |     2 |     2 ||     4
       Scroll            |       |     4 ||     4
 Stab: Sleeping          |     4 |     2 ||     6
       Paralysed         |       |     8 ||     8
Armor: Leather armour    |    27 |     4 ||    31
       Robe              |       |    11 ||    11
Dodge: Dodged            |    68 |    33 ||   101
